[Event "Titled Tuesday Blitz July 27 2021"]
[White "Salinas Herrera, Pablo"]
[Black "Krivonosov, Oleg"]
[WhiteFideId "3407128"]
[BlackFideId "11600349"]
[WhiteElo "2541"]
[BlackElo "2469"]
[Result "1-0"]
[Round "09"]
[TimeControl "180+1"]
[Date "2021.07.27"]
[WhiteClock "0:00:16"]
[BlackClock "0:00:33"]

1. d4 d5 2. Nf3 e6 3. Bf4 Nf6 4. e3 Bd6 5. Nbd2 O-O 6. c3 c5 7. Bd3 Bxf4 8. exf4 Qb6 9. Rb1 cxd4 10. Nxd4 Nc6 11. N2f3 Nxd4 12. Nxd4 Re8 13. O-O e5 14. fxe5 Rxe5 15. Qf3 Bd7 16. Qf4 Rae8 17. Nf3 R5e7 18. Qd4 Qxd4 19. Nxd4 g6 20. f3 h5 21. Kf2 Kf8 22. h4 Re5 23. Rbd1 a6 24. Rd2 Kg7 25. Rfd1 Kf8 26. Bc2 Kg7 27. Bb3 Kf8 28. Ne2 Bc6 29. Nf4 R8e7 30. Rd4 Kg7 31. R1d2 Re1 32. Bxd5 Nxd5 33. Nxd5 Bxd5 34. Rxd5 Rb1 35. c4 Rc1 36. b3 Rc3 37. Kg3 Re6 38. Rd7 b6 39. R7d6 Rxd6 40. Rxd6 b5 41. Rc6 bxc4 42. Rxc4 Rd3 43. Ra4 Rd6 44. Kf4 f6 45. Ke3 g5 46. Rd4 Rc6 47. Kd2 Kg6 48. a4 gxh4 49. Rxh4 Kg5 50. Rd4 h4 51. b4 Rb6 52. Rg4+ Kh5 53. Kc3 f5 54. Rg8 Rc6+ 55. Kd4 Rc2 56. b5 Ra2 57. b6 Rxa4+ 58. Kc5 Ra5+ 59. Kc6 1-0


[Site "https://www.chess.com"]

[Event "Titled Tuesday Blitz July 27 2021"]
[White "Shahade, Gregory"]
[Black "Pridorozhni, Aleksei"]
[WhiteFideId "2009064"]
[BlackFideId "4127870"]
[WhiteElo "2705"]
[BlackElo "2565"]
[Result "0-1"]
[Round "09"]
[TimeControl "180+1"]
[Date "2021.07.27"]
[WhiteClock "0:00:20"]
[BlackClock "0:01:19"]

1. e4 c5 2. Nf3 e6 3. d4 cxd4 4. Nxd4 Nf6 5. Nc3 Nc6 6. Nxc6 bxc6 7. e5 Nd5 8. Ne4 Qc7 9. f4 Rb8 10. Be2 Be7 11. O-O f5 12. exf6 Nxf6 13. Nxf6+ Bxf6 14. c3 O-O 15. Kh1 d5 16. Bd3 g6 17. Qe2 Bd7 18. Be3 c5 19. Rae1 Rf7 20. Qf3 Rxb2 21. Qg3 c4 22. Bb1 Bxc3 23. Rc1 Bg7 24. h4 c3 25. Bc2 d4 26. Bg1 Bb5 27. Rf3 Bc6 28. Rd3 Qxf4 29. Qxf4 Rxf4 30. Bh2 Rxh4 31. Kg1 Rxc2 32. Rxc2 Be4 33. Rxd4 0-1


[Site "https://www.chess.com"]

[Event "Titled Tuesday Blitz July 27 2021"]
[White "Shevchenko, Kirill"]
[Black "Gabrielian, Artur"]
[WhiteFideId "14129574"]
[BlackFideId "4131002"]
[WhiteElo "2569"]
[BlackElo "2523"]
[Result "0-1"]
[Round "09"]
[TimeControl "180+1"]
[Date "2021.07.27"]
[WhiteClock "0:00:15"]
[BlackClock "0:00:16"]

1. Nf3 Nf6 2. g3 g6 3. Bg2 Bg7 4. c4 O-O 5. Nc3 d6 6. O-O e5 7. d3 Nc6 8. Rb1 a5 9. a3 Nd4 10. Nxd4 exd4 11. Nb5 Ne8 12. e3 dxe3 13. Bxe3 c6 14. Nd4 Nf6 15. h3 Re8 16. b4 axb4 17. axb4 Nh5 18. Re1 Nxg3 19. b5 c5 20. Nc6 bxc6 21. bxc6 Ra7 22. Rb8 Qc7 23. Bh6 Rxe1+ 24. Qxe1 Ra1 25. Qxa1 Bxa1 26. Ra8 Nf5 27. Bd2 Kg7 28. Be4 Bd4 29. Ba5 Qe7 30. Rxc8 Qh4 31. Be1 Qg3+ 32. Kf1 Qxh3+ 33. Ke2 Ng3+ 34. fxg3 Qxc8 35. Ba5 Bf6 36. c7 d5 37. cxd5 Be5 38. Bc3 Bxc3 39. d6 Be5 40. Bb7 Qxb7 41. d7 Qxc7 0-1


[Site "https://www.chess.com"]

[Event "Titled Tuesday Blitz July 27 2021"]
[White "Tristan, Leonardo"]
[Black "Perez Ponsa, Federico"]
[WhiteFideId "113816"]
[BlackFideId "117927"]
[WhiteElo "2404"]
[BlackElo "2672"]
[Result "0-1"]
[Round "09"]
[TimeControl "180+1"]
[Date "2021.07.27"]
[WhiteClock "0:00:02"]
[BlackClock "0:00:10"]

1. d4 Nf6 2. Bg5 c5 3. d5 Ne4 4. Bf4 Qb6 5. Bc1 e6 6. f3 Qa5+ 7. c3 Nf6 8. e4 d6 9. Na3 exd5 10. exd5 Be7 11. Ne2 O-O 12. Nf4 Re8 13. Nc4 Qd8 14. a4 Bf8+ 15. Kf2 Nbd7 16. Be2 b6 17. Re1 Ba6 18. Bd2 Bxc4 19. Bxc4 a6 20. Rxe8 Qxe8 21. Qf1 Qc8 22. Re1 Ne5 23. Be2 b5 24. axb5 axb5 25. Bxb5 c4 26. Be3 Rb8 27. Ba4 Rxb2+ 28. Kg1 Qa8 29. Bc6 Qa2 30. Re2 Rxe2 31. Qxe2 Qa1+ 32. Qf1 Qxc3 33. Qc1 Qb3 34. Bd4 g6 35. Qc3 Qd1+ 36. Kf2 Neg4+ 37. Kg3 Bg7 38. Bxf6 Bxf6 39. Qa5 Ne3 40. Qa2 Qe1+ 41. Qf2 Nf1+ 0-1


[Site "https://www.chess.com"]

[Event "Titled Tuesday Blitz July 27 2021"]
[White "Tsaruk, Maksim"]
[Black "Makhnev, Denis"]
[WhiteFideId "13511173"]
[BlackFideId "13707647"]
[WhiteElo "2184"]
[BlackElo "2537"]
[Result "1-0"]
[Round "09"]
[TimeControl "180+1"]
[Date "2021.07.27"]
[WhiteClock "0:00:13"]
[BlackClock "0:00:45"]

1. d4 Nf6 2. Nf3 e6 3. Bf4 c5 4. e3 d5 5. c3 Bd6 6. Bg3 Qc7 7. Nbd2 Nbd7 8. Bd3 O-O 9. O-O Bxg3 10. hxg3 e5 11. dxe5 Nxe5 12. Nxe5 Qxe5 13. Nf3 Qe7 14. Qa4 Bd7 15. Bb5 Bg4 16. Rad1 Rfd8 17. Be2 h6 18. Rfe1 b6 19. Nd2 Bxe2 20. Rxe2 d4 21. cxd4 cxd4 22. Nf3 dxe3 23. Rxe3 Rxd1+ 24. Qxd1 Rd8 25. Rxe7 Rxd1+ 26. Re1 Rd3 27. Kf1 Kf8 28. Ke2 Rd5 29. Rd1 Rb5 30. b3 Ne4 31. Rd7 Ra5 32. Ke3 Nf6 33. Rd2 Ng4+ 34. Kf4 h5 35. Nd4 Rd5 36. f3 Nf6 37. Ke3 a5 38. Nc6 Rc5 39. Rd8+ Ne8 40. Nd4 Ke7 41. Rb8 Nc7 42. Ke4 Nd5 43. Nf5+ Kf6 44. Ne3 Nc3+ 45. Kd4 Rc6 46. Nd5+ Nxd5 47. Kxd5 Re6 48. Rb7 g5 49. a4 Kg6 50. Kc4 f6 51. Kb5 Re2 52. Rxb6 Rxg2 53. g4 h4 54. Rb8 Rg3 55. Kxa5 Rxf3 56. b4 f5 57. gxf5+ Rxf5+ 58. b5 g4 59. Rg8+ Kh5 60. Rh8+ Kg5 61. Ka6 Rf6+ 62. b6 Rg6 63. Kb5 g3 64. b7 g2 65. b8=Q g1=Q 66. Qe5+ Kg4 67. Qe4+ Kg5 68. Qxg6+ Kxg6 69. Rg8+ Kf5 70. Rxg1 h3 71. a5 h2 72. Rh1 Kg4 73. Rxh2 Kg3 74. Ra2 Kf3 75. a6 Ke3 76. a7 1-0


[Site "https://www.chess.com"]

[Event "Titled Tuesday Blitz July 27 2021"]
[White "Vokhidov, Shamsiddin"]
[Black "Srihari L R"]
[WhiteFideId "14204223"]
[BlackFideId "46617116"]
[WhiteElo "2572"]
[BlackElo "2121"]
[Result "1-0"]
[Round "09"]
[TimeControl "180+1"]
[Date "2021.07.27"]
[WhiteClock "0:00:54"]
[BlackClock "0:00:16"]

1. e4 c6 2. d4 d5 3. e5 Bf5 4. h4 h5 5. c4 e6 6. Nc3 Ne7 7. Nge2 Nd7 8. Bg5 dxc4 9. Ng3 Nb6 10. Nxf5 exf5 11. a4 a5 12. Be2 Qd7 13. Bxh5 Ned5 14. O-O Be7 15. e6 Qxe6 16. Re1 Qd6 17. Bxe7 Nxe7 18. Qe2 Kf8 19. g3 Ned5 20. Bf3 g6 21. Nxd5 cxd5 22. Qd2 Kg7 23. Re5 f6 24. Re2 Rhe8 25. Rxe8 Rxe8 26. Qxa5 f4 27. Qc5 Rd8 28. a5 Qxc5 29. dxc5 Nd7 30. Bxd5 Nxc5 31. Bxc4 fxg3 32. fxg3 Rd2 33. b4 Ne4 34. Ra3 Rb2 35. Rb3 Rc2 36. Bd5 Nd2 37. Re3 Rc7 38. b5 f5 39. Rd3 Ne4 40. Bxe4 fxe4 41. Rd4 Rc1+ 42. Kf2 Rc2+ 43. Ke3 Rb2 44. Rd7+ Kf6 45. Rxb7 1-0


[Site "https://www.chess.com"]

[Event "Titled Tuesday Blitz July 27 2021"]
[White "Wiewiora, Eneasz"]
[Black "Moskalenko, Alexander"]
[WhiteFideId "1140396"]
[BlackFideId "4155351"]
[WhiteElo "2312"]
[BlackElo "2495"]
[Result "1/2-1/2"]
[Round "09"]
[TimeControl "180+1"]
[Date "2021.07.27"]
[WhiteClock "0:01:18"]
[BlackClock "0:02:16"]

1. e4 c5 2. c3 d6 3. d4 Nf6 4. Bd3 Nc6 5. Nf3 g6 6. d5 Ne5 7. Nxe5 dxe5 8. O-O Bg7 9. c4 O-O 10. Nc3 Ne8 11. f4 exf4 12. Bxf4 e5 13. Be3 b6 14. a3 a5 15. Qd2 Nd6 16. Rab1 Bd7 17. b4 axb4 18. axb4 Qc7 19. bxc5 bxc5 20. Nb5 Bxb5 21. cxb5 c4 22. b6 Qb7 23. Bc5 Rfd8 24. Bxd6 Rxd6 25. Bxc4 Rxb6 26. Rxb6 Qxb6+ 27. Qf2 Qxf2+ 28. Rxf2 1/2-1/2


[Site "https://www.chess.com"]

[Event "Titled Tuesday Blitz July 27 2021"]
[White "Yilmaz, Mustafa"]
[Black "Molina, Roberto Junio Brito"]
[WhiteFideId "6302718"]
[BlackFideId "2109450"]
[WhiteElo "2518"]
[BlackElo "2402"]
[Result "1-0"]
[Round "09"]
[TimeControl "180+1"]
[Date "2021.07.27"]
[WhiteClock "0:02:28"]
[BlackClock "0:01:58"]

1. d4 d5 2. c4 c6 3. cxd5 cxd5 4. Nc3 Nf6 5. Bf4 Qb6 6. e3 Qxb2 7. Rc1 Nc6 8. Bd3 a6 9. Nge2 e6 10. O-O Be7 11. Na4 Qa3 12. Nb6 1-0


[Site "https://www.chess.com"]

[Event "Titled Tuesday Blitz July 27 2021"]
[White "Zhigalko, Sergei"]
[Black "Shkapenko, Pavel"]
[WhiteFideId "13502956"]
[BlackFideId "4151933"]
[WhiteElo "2662"]
[BlackElo "2386"]
[Result "1-0"]
[Round "09"]
[TimeControl "180+1"]
[Date "2021.07.27"]
[WhiteClock "0:00:04"]
[BlackClock "0:00:06"]

1. e4 e5 2. Nf3 Nc6 3. Bc4 d6 4. d4 Nf6 5. Nc3 Bg4 6. d5 Nd4 7. Be3 Bxf3 8. gxf3 g6 9. Bxd4 exd4 10. Bb5+ Ke7 11. Qxd4 Bg7 12. e5 Nh5 13. f4 Kf8 14. Be2 Qh4 15. Bxh5 Qxh5 16. Qb4 Re8 17. Rg1 Kg8 18. Qxb7 dxe5 19. f5 Qxf5 20. O-O-O h5 21. Qxc7 Kh7 22. d6 Rc8 23. Qxa7 e4 24. d7 Ra8 25. Qc7 Be5 26. Qc4 Bf4+ 27. Kb1 e3 28. fxe3 Bxe3 29. Rgf1 Qg5 30. Rxf7+ Kh6 31. Ne4 Qe5 32. Rff1 Rab8 33. b3 Rhd8 34. Qd5 Qxd5 35. Rxd5 Rb7 36. Rfd1 Kg7 37. c4 Kf7 38. c5 Ke6 39. c6 Rc7 40. Rd6+ Ke7 41. Nf6 Kf7 42. Nd5 Rxc6 43. Rxc6 Rxd7 44. Nxe3 1-0


[Site "https://www.chess.com"]

[Event "Titled Tuesday Blitz July 27 2021"]
[White "Zubov, Alexander"]
[Black "Lazavik, Denis"]
[WhiteFideId "14109409"]
[BlackFideId "13515110"]
[WhiteElo "2740"]
[BlackElo "2436"]
[Result "1-0"]
[Round "09"]
[TimeControl "180+1"]
[Date "2021.07.27"]
[WhiteClock "0:00:25"]
[BlackClock "0:00:01"]

1. d4 Nf6 2. Nf3 d5 3. c4 e6 4. Nc3 Be7 5. Bg5 O-O 6. e3 Nbd7 7. Rc1 h6 8. Bh4 c5 9. dxc5 Nxc5 10. cxd5 g5 11. Bg3 Nxd5 12. Nxd5 Qxd5 13. Qxd5 exd5 14. Be5 Bd7 15. Be2 Rac8 16. O-O Rfd8 17. Bd4 Ne6 18. Bxa7 Rxc1 19. Rxc1 Ra8 20. Bd4 Rxa2 21. Bc3 Bc6 22. Nd4 Nxd4 23. Bxd4 f6 24. Bh5 Kg7 25. g3 Bd6 26. f4 Ra8 27. Rf1 Be7 28. h4 gxf4 29. gxf4 Be8 30. Bf3 Bc6 31. Kf2 Kf7 32. Rg1 Rg8 33. Bh5+ Kf8 34. Bg6 h5 35. Bxh5 Rh8 36. Bg4 Rxh4 37. Be6 Rh8 38. f5 Ke8 39. Rg6 Rf8 40. Rg7 Bd7 41. Kf3 Bxe6 42. fxe6 Rh8 43. Rg1 Rh3+ 44. Kg4 Rh8 45. Ra1 Rg8+ 46. Kf4 Bd8 47. Bc5 Rg2 48. Ra8 Rf2+ 49. Kg3 1-0


[Site "https://www.chess.com"]

[Event "Titled Tuesday Blitz July 27 2021"]
[White "Arakhamia-Grant, Ketevan"]
[Black "Pinheiro, Iung Alicio de O."]
[WhiteFideId "13600168"]
[BlackFideId "2104350"]
[WhiteElo "2177"]
[BlackElo "2472"]
[Result "0-1"]
[Round "10"]
[TimeControl "180+1"]
[Date "2021.07.27"]
[WhiteClock "0:00:03"]
[BlackClock "0:00:19"]

1. e4 c6 2. d4 d5 3. e5 Bf5 4. Nd2 e6 5. Nb3 Nd7 6. Nf3 h6 7. Be2 Ne7 8. O-O Bh7 9. a4 Ng6 10. a5 Be7 11. g3 O-O 12. h4 f6 13. h5 Nh8 14. Bd3 Bxd3 15. Qxd3 fxe5 16. Nxe5 Nxe5 17. dxe5 c5 18. c4 Nf7 19. f4 Qd7 20. Nd2 Rad8 21. Nf3 Qc6 22. b3 Rd7 23. Bb2 Rfd8 24. Qg6 dxc4 25. f5 Nh8 26. Qxe6+ Qxe6 27. fxe6 Rc7 28. Rad1 Rxd1 29. Rxd1 Rc6 30. Rd7 Rxe6 31. bxc4 Kf8 32. Rxb7 Ra6 33. Bc3 Nf7 34. e6 Nd8 35. Bxg7+ Ke8 36. Rb8 Rxe6 37. Ne5 Bd6 38. Rxd8+ Kxd8 39. Nf7+ Ke7 40. Nxd6 Kxd6 41. Kf2 Ke7 42. Kf3 Kf7 43. Bc3 Re7 44. Bd2 Kg7 45. Bc3+ Kh7 46. Kf4 Re2 47. g4 Rc2 48. Be5 Rxc4+ 49. Kf5 Ra4 50. Bc7 c4 0-1


[Site "https://www.chess.com"]

[Event "Titled Tuesday Blitz July 27 2021"]
[White "Assaubayeva, Bibisara"]
[Black "Volkov, Maksim"]
[WhiteFideId "13708694"]
[BlackFideId "54123070"]
[WhiteElo "2232"]
[BlackElo "2113"]
[Result "1-0"]
[Round "10"]
[TimeControl "180+1"]
[Date "2021.07.27"]
[WhiteClock "0:00:49"]
[BlackClock "0:00:43"]

1. d4 d5 2. c4 e6 3. Nc3 c6 4. Qc2 Nf6 5. cxd5 cxd5 6. Nf3 Nc6 7. Bf4 a6 8. e3 Bd6 9. Bg3 O-O 10. a3 Bxg3 11. hxg3 Qd6 12. Bd3 h6 13. Na4 e5 14. dxe5 Nxe5 15. Nxe5 Qxe5 16. Qc3 Qe7 17. Qd4 Rd8 18. O-O Be6 19. Rac1 Rac8 20. Nb6 Rc6 21. Rxc6 bxc6 22. Rc1 Qb7 23. b4 Rb8 24. Na4 Nd7 25. f4 g6 26. f5 gxf5 27. Qf4 Re8 28. Qxh6 Ne5 29. Qg5+ Ng6 30. Nc5 Qa7 31. g4 fxg4 32. Bxg6 fxg6 33. Qxg6+ Qg7 34. Qxe8+ 1-0


[Site "https://www.chess.com"]

[Event "Titled Tuesday Blitz July 27 2021"]
[White "Babiy, Olga"]
[Black "Manukian, Artak"]
[WhiteFideId "14117258"]
[BlackFideId "13301373"]
[WhiteElo "2230"]
[BlackElo "2362"]
[Result "1-0"]
[Round "10"]
[TimeControl "180+1"]
[Date "2021.07.27"]
[WhiteClock "0:00:12"]
[BlackClock "0:00:48"]

1. Nf3 g6 2. g3 Bg7 3. Bg2 c5 4. O-O Nc6 5. d3 d5 6. Nbd2 Nf6 7. e4 O-O 8. c3 dxe4 9. dxe4 b6 10. Qe2 a5 11. Rd1 Ba6 12. Qe1 Qc7 13. e5 Ng4 14. e6 f5 15. Nf1 Rad8 16. Bf4 Qc8 17. Ng5 Nh6 18. Bd5 Kh8 19. h3 Bb7 20. Qe3 Na7 21. Bxb7 Qxb7 22. Nf3 Ng8 23. Ne5 Bxe5 24. Bxe5+ Nf6 25. Qh6 Qe4 26. Bxf6+ exf6 27. Re1 Qf3 28. e7 Rfe8 29. exd8=Q Rxd8 30. Re7 1-0


[Site "https://www.chess.com"]

[Event "Titled Tuesday Blitz July 27 2021"]
[White "Baker, Chris W"]
[Black "Karttunen, Mika"]
[WhiteFideId "401676"]
[BlackFideId "502081"]
[WhiteElo "2266"]
[BlackElo "2343"]
[Result "0-1"]
[Round "10"]
[TimeControl "180+1"]
[Date "2021.07.27"]
[WhiteClock "0:01:29"]
[BlackClock "0:00:58"]

1. e4 c5 2. Nf3 Nc6 3. Bb5 Qb6 4. Nc3 a6 5. Nd5 Qd8 6. Bxc6 bxc6 7. Ne3 d6 8. O-O e5 9. b3 Nf6 10. d3 g6 11. Nc4 Bg7 12. Bd2 Rb8 13. Ba5 Qe7 14. h3 O-O 15. Qc1 h6 16. Nh2 d5 17. Nd2 Nh5 18. Ndf3 Nf4 19. Bd2 f5 20. Bxf4 exf4 21. Qxf4 Rb7 22. Rae1 fxe4 23. dxe4 Rxf4 0-1


[Site "https://www.chess.com"]

[Event "Titled Tuesday Blitz July 27 2021"]
[White "Begmuratov, Khumoyun"]
[Black "Grinblat, Dmitry"]
[WhiteFideId "14210207"]
[BlackFideId "4163257"]
[WhiteElo "1932"]
[BlackElo "2460"]
[Result "1/2-1/2"]
[Round "10"]
[TimeControl "180+1"]
[Date "2021.07.27"]
[WhiteClock "0:00:04"]
[BlackClock "0:00:15"]

1. e4 c5 2. Nf3 d6 3. d4 cxd4 4. Nxd4 Nf6 5. Nc3 a6 6. Be2 e6 7. O-O Nbd7 8. Be3 b5 9. a3 Bb7 10. f3 Qc7 11. Qd2 Be7 12. Rad1 O-O 13. Nb3 Ne5 14. Bd4 Rac8 15. Qc1 Nc4 16. Bxc4 bxc4 17. Nd2 e5 18. Bf2 d5 19. exd5 Nxd5 20. Nde4 Nf4 21. Qe3 Ne6 22. Qb6 Qxb6 23. Bxb6 Bxe4 24. fxe4 Rb8 25. Nd5 Bc5+ 26. Bxc5 Nxc5 27. Ne7+ Kh8 28. Nc6 Rbe8 29. Rd5 Nxe4 30. Nxe5 c3 31. bxc3 Nxc3 32. Ra5 f6 33. Nd3 Re2 34. Rxa6 Rxc2 35. Nb4 Rb2 36. Rc6 Nb5 37. Nd5 Nxa3 38. Nf4 Re8 39. Rc7 Nc2 40. Nd3 Ra2 41. Rf2 Ra1+ 42. Rf1 Rxf1+ 43. Kxf1 Ne3+ 44. Kf2 Nf5 45. Nf4 h6 46. g4 Nd4 47. h4 Ne6 48. Nxe6 Rxe6 49. Kf3 Kh7 50. Kf4 Re5 51. h5 Rg5 52. Rd7 f5 53. gxf5 Kg8 54. Rd8+ Kf7 55. Rd7+ Kf6 56. Rd6+ Kf7 57. Rd7+ Ke8 58. Ra7 Kf8 59. Ra8+ Kf7 60. Ra7+ Kf6 61. Ra6+ Kf7 62. Ra7+ Kf6 63. Ra6+ Kf7 64. Ra7+ 1/2-1/2


[Site "https://www.chess.com"]

[Event "Titled Tuesday Blitz July 27 2021"]
[White "Bortnyk, Olexandr"]
[Black "Krysa, Leandro"]
[WhiteFideId "14120828"]
[BlackFideId "116807"]
[WhiteElo "2723"]
[BlackElo "2490"]
[Result "1-0"]
[Round "10"]
[TimeControl "180+1"]
[Date "2021.07.27"]
[WhiteClock "0:00:49"]
[BlackClock "0:00:01"]

1. d4 Nf6 2. Nc3 d5 3. Bf4 a6 4. e3 e6 5. Nf3 c5 6. a3 Nc6 7. Bd3 b5 8. O-O Bb7 9. dxc5 Bxc5 10. e4 dxe4 11. Nxe4 Nxe4 12. Bxe4 Qxd1 13. Rfxd1 Rd8 14. b4 Be7 15. Ne5 Rc8 16. Nd7 Nd8 17. Nb6 Rc3 18. Be5 Bxe4 19. Bxc3 Bxc2 20. Rd2 Be4 21. f3 Bc6 22. Bxg7 Rg8 23. Bh6 Bxf3 24. Nc8 Bd5 25. Nxe7 Kxe7 26. Rc1 Kd7 27. Rf1 f5 28. g3 Nc6 29. Bf4 Ne7 30. Rc1 Nc6 31. Kf2 Ra8 32. Rc5 Rd8 33. h4 Rc8 34. h5 Nd8 35. Rxc8 Kxc8 36. g4 fxg4 37. Kg3 Kd7 38. Kxg4 Nc6 39. Kg5 Ke7 40. Kh6 Be4 41. Bg5+ Ke8 42. Kg7 Bf5 43. Rd6 Ne5 44. Rd8# 1-0


[Site "https://www.chess.com"]

[Event "Titled Tuesday Blitz July 27 2021"]
[White "Buscar, Michael"]
[Black "Maevsky, Nikolay"]
[WhiteFideId "2603616"]
[BlackFideId "4198220"]
[WhiteElo "2010"]
[BlackElo "2213"]
[Result "0-1"]
[Round "10"]
[TimeControl "180+1"]
[Date "2021.07.27"]
[WhiteClock "0:00:09"]
[BlackClock "0:00:06"]

1. d4 Nf6 2. c4 c6 3. Nf3 d5 4. g3 Bf5 5. Bg2 e6 6. O-O h6 7. Nbd2 Nbd7 8. b3 Be7 9. Re1 O-O 10. Bb2 Re8 11. Ne5 Bb4 12. a3 Bxd2 13. Qxd2 Ne4 14. Qf4 Nxe5 15. dxe5 Qb6 16. b4 g5 17. Qf3 Nd2 18. Qh5 Nxc4 19. Bc1 Kg7 20. h4 Bg6 21. Qg4 Nxe5 22. Bb2 f6 23. Bxe5 fxe5 24. hxg5 h5 25. Qh3 Rf8 26. e3 Rae8 27. g4 hxg4 28. Qxg4 e4 29. Qg3 e5 30. Bh3 Rf3 31. Qg2 Ref8 32. Ra2 Qd8 33. Bg4 R3f7 34. Be6 Re7 35. Bg4 Ree8 36. Bh3 Rh8 37. Qg3 Qe7 38. Kg2 Ref8 39. Bg4 Qxg5 40. b5 Rh4 41. Bd7 Qxg3+ 42. Kxg3 Rh6 43. bxc6 bxc6 44. Bxc6 Rf3+ 45. Kg2 Bf5 46. Bxd5 Bh3+ 47. Kg1 Rg6+ 48. Kh1 Bg2+ 49. Kh2 Rh3+ 50. Kg1 Rh1# 0-1


[Site "https://www.chess.com"]

[Event "Titled Tuesday Blitz July 27 2021"]
[White "Calderon, Zachary"]
[Black "Kim, Sergey"]
[WhiteFideId "2076969"]
[BlackFideId "13700570"]
[WhiteElo "2253"]
[BlackElo "2548"]
[Result "1-0"]
[Round "10"]
[TimeControl "180+1"]
[Date "2021.07.27"]
[WhiteClock "0:00:07"]
[BlackClock "0:00:07"]

1. d4 Nf6 2. Bf4 g6 3. Nc3 d6 4. e4 c6 5. Qd2 b5 6. O-O-O b4 7. Nb1 Nxe4 8. Qe1 d5 9. f3 Nf6 10. Bg5 Bg7 11. Qxb4 O-O 12. Qd2 Nbd7 13. h4 Rb8 14. h5 Qb6 15. c3 e5 16. Ne2 Re8 17. hxg6 fxg6 18. dxe5 Nxe5 19. Nd4 c5 20. Nb3 Be6 21. Be3 Rec8 22. Na3 Qc7 23. Ba6 Nc4 24. Bxc4 dxc4 25. Nxc5 Bf7 26. Na6 Qe7 27. Nxb8 Rxb8 28. Rhe1 Nd5 29. Bd4 Qb7 30. Bxg7 Kxg7 31. Nxc4 Nf6 32. Nd6 Qc7 33. Nxf7 Qxf7 34. Qd4 Rb6 35. g4 h6 36. Kb1 g5 37. Re5 Qb7 38. b3 Qxf3 39. Rf5 Qe4+ 40. Qxe4 Nxe4 41. Rd7+ Kg6 42. Rxa7 Nxc3+ 43. Kc2 Ne4 44. Rfa5 Nf6 45. R5a6 Rb5 46. Rc7 1-0


[Site "https://www.chess.com"]

[Event "Titled Tuesday Blitz July 27 2021"]
[White "Carroll, Thomas"]
[Black "Obolentseva, Alexandra"]
[WhiteFideId "450111"]
[BlackFideId "24153648"]
[WhiteElo "1950"]
[BlackElo "2113"]
[Result "1-0"]
[Round "10"]
[TimeControl "180+1"]
[Date "2021.07.27"]
[WhiteClock "0:01:54"]
[BlackClock "0:01:22"]

1. d4 Nf6 2. Bg5 Ne4 3. Bf4 c5 4. f3 Nd6 5. dxc5 Qa5+ 6. Nc3 Qxc5 7. e4 e6 8. Qd2 Nc4 9. Bxc4 Qxc4 10. O-O-O Bb4 11. Nge2 O-O 12. g4 b6 13. h4 Ba6 14. g5 b5 15. h5 Bxc3 16. Nxc3 b4 17. Nb1 Qxa2 18. g6 fxg6 19. hxg6 hxg6 20. Bd6 Rf6 21. Qh2 Kf7 22. Qh8 g5 23. Rh7 1-0


[Site "https://www.chess.com"]

[Event "Titled Tuesday Blitz July 27 2021"]
[White "Costachi, Mihnea"]
[Black "Sapunov, Evgeny"]
[WhiteFideId "1217518"]
[BlackFideId "4126661"]
[WhiteElo "2556"]
[BlackElo "2741"]
[Result "1-0"]
[Round "10"]
[TimeControl "180+1"]
[Date "2021.07.27"]
[WhiteClock "0:01:43"]
[BlackClock "0:00:45"]

1. d4 Nf6 2. c4 g6 3. Nc3 Bg7 4. e4 O-O 5. Be2 d6 6. Bg5 Na6 7. Nf3 h6 8. Bh4 g5 9. Bg3 Nh5 10. Qd2 c6 11. O-O-O e6 12. Kb1 Nc7 13. Ka1 f5 14. exf5 exf5 15. Ne1 Nxg3 16. hxg3 a6 17. Nc2 b5 18. c5 d5 19. Bh5 a5 20. f4 g4 21. Rde1 Rb8 22. Re3 Ne6 23. Rhe1 Nxc5 24. dxc5 d4 25. Re8 Rxe8 26. Rxe8+ Qxe8 27. Bxe8 dxc3 28. Qd8 cxb2+ 29. Kb1 1-0


[Site "https://www.chess.com"]

[Event "Titled Tuesday Blitz July 27 2021"]
[White "Demeter, Dorina"]
[Black "Rangel, Daniel"]
[WhiteFideId "778079"]
[BlackFideId "2124475"]
[WhiteElo "1904"]
[BlackElo "2187"]
[Result "1-0"]
[Round "10"]
[TimeControl "180+1"]
[Date "2021.07.27"]
[WhiteClock "0:00:21"]
[BlackClock "0:00:11"]

1. Nf3 Nf6 2. c4 g6 3. Nc3 Bg7 4. e4 O-O 5. d4 d6 6. h3 e5 7. d5 a5 8. Be3 Na6 9. g4 Nd7 10. Qc2 Ndc5 11. O-O-O f5 12. exf5 gxf5 13. Bg5 Qe8 14. Be2 Qg6 15. Rdg1 f4 16. Qxg6 hxg6 17. Nd2 Nb4 18. Nde4 Nxe4 19. Nxe4 Nxa2+ 20. Kd2 Nb4 21. Bd3 Nxd3 22. Kxd3 Bd7 23. h4 b5 24. c5 c6 25. dxc6 Bxc6 26. cxd6 a4 27. h5 gxh5 28. gxh5 Kh7 29. h6 Bh8 30. Be7 Bxe4+ 31. Kxe4 Rf7 32. Rd1 b4 33. Kd5 e4 34. Ke6 Rxe7+ 35. Kxe7 Bxb2 36. d7 a3 37. d8=Q Rxd8 38. Kxd8 a2 39. Rd7+ Kg6 40. Rdd1 Bf6+ 41. Kd7 b3 42. Ke6 b2 43. Rdg1+ Kh7 44. Kxf6 a1=Q 45. Rxa1 bxa1=Q+ 46. Rxa1 e3 47. fxe3 fxe3 1-0


[Site "https://www.chess.com"]

[Event "Titled Tuesday Blitz July 27 2021"]
[White "Devaev, Alexander"]
[Black "Odegov, Artem"]
[WhiteFideId "4169395"]
[BlackFideId "34183644"]
[WhiteElo "2185"]
[BlackElo "2288"]
[Result "1-0"]
[Round "10"]
[TimeControl "180+1"]
[Date "2021.07.27"]
[WhiteClock "0:00:29"]
[BlackClock "0:00:14"]

1. d4 Nf6 2. c4 c5 3. d5 b5 4. cxb5 a6 5. b6 e6 6. Nc3 exd5 7. Nxd5 Nxd5 8. Qxd5 Nc6 9. g3 Rb8 10. Bg2 Be7 11. Nh3 O-O 12. O-O Nb4 13. Qd2 d5 14. a3 Bxh3 15. Bxh3 Nc6 16. Bg2 Qxb6 17. Qxd5 Nd4 18. e3 Rbd8 19. Qc4 Nb3 20. Rb1 Bf6 21. Bd5 Na5 22. Qe4 Nb3 23. Rd1 Rfe8 24. Qf3 Na5 25. Bd2 Nb3 26. Bc3 Rd6 27. Bxb3 Qxb3 28. Rxd6 Bxc3 29. Qd1 Qxd1+ 30. Rdxd1 Bf6 31. b4 cxb4 32. axb4 Rb8 33. Kg2 g6 34. Rd6 Be7 35. Rxa6 Rxb4 36. Rxb4 Bxb4 37. f4 Kg7 38. Kf3 h5 39. h3 f5 40. g4 hxg4+ 41. hxg4 fxg4+ 42. Kxg4 Bc5 43. e4 Kh6 44. f5 Kh7 45. Rxg6 Bd4 46. Rc6 Bg7 47. Kf4 Bh6+ 48. Rxh6+ Kg7 49. Ke5 Kf7 50. Rh7+ Kg8 51. Ra7 Kf8 52. Ke6 Kg8 53. e5 Kh8 54. Kf6 Kg8 55. e6 Kh8 56. Kg6 Kg8 57. Ra8# 1-0


[Site "https://www.chess.com"]

[Event "Titled Tuesday Blitz July 27 2021"]
[White "Deviprasath, Sharvesh"]
[Black "Can, Emre"]
[WhiteFideId "30938228"]
[BlackFideId "6302181"]
[WhiteElo "2102"]
[BlackElo "2503"]
[Result "0-1"]
[Round "10"]
[TimeControl "180+1"]
[Date "2021.07.27"]
[WhiteClock "0:01:09"]
[BlackClock "0:00:22"]

1. Nf3 c5 2. b3 d5 3. Bb2 f6 4. e3 Nc6 5. d4 Bf5 6. c4 cxd4 7. Nxd4 Nxd4 8. Qxd4 dxc4 9. Qxc4 Rc8 10. Qa4+ Bd7 11. Qxa7 e5 12. Nd2 Rc2 13. Ba3 Bc6 14. Rd1 Rxa2 15. Nc4 Bb4+ 16. Bxb4 Qxd1+ 17. Kxd1 Rxa7 18. Be2 Ra1+ 0-1


[Site "https://www.chess.com"]